 Dungeon Crawl Stone Soup version 0.20.1-1-g8b1a95d (webtiles) character file.

23027 boe the Slicer (level 12, -23/108 HPs)
             Began as a Minotaur Gladiator on Dec 14, 2017.
             Was the Champion of Qazlal.
             Killed from afar by an orc sorcerer (45 damage)
             ... with a bolt of negative energy
             ... led by an orc high priest
             ... on level 1 of the Orcish Mines on Dec 15, 2017.
             The game lasted 02:06:59 (12932 turns).

boe the Slicer (Minotaur Gladiator)                Turns: 12932, Time: 02:07:24

Health: -23/108    AC: 16    Str: 24    XL:     12   Next: 68%
Magic:  12/12      EV: 11    Int:  7    God:    Qazlal [******]
Gold:   584        SH: 16    Dex: 22    Spells: 11/11 levels left

rFire    x . .     SeeInvis +   A - +7 rapier of Gemmaer {drain, rF- Str+3 Dex+9}
rCold    . . .     Gourm    .   V - +0 buckler "Qiegicir" {SInv}
rNeg     . . .     Faith    .   e - +0 plate armour
rPois    +         Spirit   .   c - +1 hat
rElec    .         Reflect  .   (no cloak)
rCorr    .         Harm     .   (no gloves)
MR       .....                  B - +0 pair of boots
Stlth    ..........             (no amulet)
Regen    0.3/turn               s - ring of stealth
MPRegen  0.2/turn               I - ring of poison resistance

@: drained, repel missiles
A: retaliatory headbutt, horns 2
a: Upheaval, Elemental Force, Disaster Area, Renounce Religion


You were on level 1 of the Orcish Mines.
You worshipped Qazlal.
Qazlal was exalted by your worship.
You were near starving.

You visited 3 branches of the dungeon, and saw 13 of its levels.
You also visited: Sewer and Bailey.

You collected 1025 gold pieces.
You spent 441 gold pieces at shops.

Inventory:

Hand Weapons
 y - a +0 shortbow of freezing
 A - the +7 rapier of Gemmaer (weapon) {drain, rF- Str+3 Dex+9}
   (You found it on level 5 of the Dungeon)

   A truly terrible weapon, it drains the life of those it strikes.
   It affects your strength (+3).
   It affects your dexterity (+9).
   It makes you vulnerable to fire.
 U - a +2 long sword of holy wrath
Missiles
 d - 3 throwing nets
 j - 186 arrows
 p - 44 tomahawks of returning (quivered)
 r - 89 poisoned needles
Armour
 c - a +1 hat (worn)
 e - a +0 plate armour (worn)
 B - a +0 pair of boots (worn)
 V - the +0 buckler "Qiegicir" (worn) {SInv}
   (You found it on level 5 of the Dungeon)

   It lets you see invisible.
Magical Staves
 D - an uncursed staff of wizardry {unknown}
Jewellery
 s - a ring of stealth (left hand)
 I - a ring of poison resistance (right hand)
Wands
 a - a wand of disintegration (4/24)
 z - a wand of random effects (18/48)
 P - a wand of paralysis (13/24)
 T - a wand of clouds (5/9)
 W - a wand of random effects (17/48)
 X - a wand of flame (19/48)
 Y - a wand of acid (5/15)
Scrolls
 g - 8 scrolls of remove curse
 h - 2 scrolls of blinking
 k - 3 scrolls of enchant armour
 n - 7 scrolls of identify
 v - 3 scrolls of fog
 x - 2 scrolls of fear {unknown}
 K - 4 scrolls of recharging
 M - 2 scrolls of magic mapping {unknown}
 N - 3 scrolls of random uselessness {unknown}
 R - 2 scrolls of enchant weapon
 Z - a scroll of immolation {unknown}
Potions
 i - 11 potions of curing
 l - a potion of resistance {unknown}
 m - a potion of heal wounds
 o - 3 potions of invisibility {unknown}
 t - 4 potions of cancellation
 w - 2 potions of mutation {unknown}
 C - 4 potions of flight {unknown}
 E - 7 potions of agility
 F - 2 potions of might
 G - 2 potions of brilliance {unknown}
 J - a potion of ambrosia
 O - 4 potions of haste
 Q - a potion of magic {unknown}
Books
 u - a book of Misfortune

   Spells                             Type                      Level
   a - Confusing Touch                Hexes                        1
   b - Confuse                        Hexes                        3
   c - Gell's Gravitas                Translocation                3
   d - Petrify                        Transmutation/Earth          4
   e - Metabolic Englaciation         Hexes/Ice                    5
   f - Yara's Violent Unravelling     Hexes/Transmutation          5
Miscellaneous
 L - a phantom mirror
Comestibles
 b - 23 royal jellies
 f - 7 bread rations
 q - 6 meat rations


   Skills:
 + Level 10.6(9.7) Fighting
 + Level 12.8(12.5) Short Blades
 + Level 7.8(10.9) Long Blades
 + Level 2.6(1.9) Throwing
 + Level 10.3(9.4) Armour
 + Level 6.0(5.2) Dodging
 + Level 2.2(1.5) Stealth
 + Level 11.6(10.7) Shields
 + Level 0.4(0.0) Spellcasting
 + Level 1.3(0.6) Evocations


You had 11 spell levels left.
You didn't know any spells.

Dungeon Overview and Level Annotations

Branches:
Dungeon (11/15)            Temple (0/1) D:4            Lair (1/6) D:11
    Orc (1/2) D:11

Altars:
Ashenzari
Cheibriados
Dithmenos
Gozag
Hepliaklqana
Nemelex Xobeh
Okawaru
Qazlal
Ru
Uskayaw
Xom
Yredelemnul
The Shining One

Shops:
D:10 =?*?


Innate Abilities, Weirdness & Mutations

You reflexively headbutt those who attack you in melee.
You have a pair of horns on your head.


Message History

The orc priest invokes the aid of Beogh against you.
Beogh smites you!
There is an escape hatch in the floor here.
Things that are here:
a tomahawk; 2 chunks of flesh; a warg skeleton Your plate armour prevents you from hitting the orc priest.
The orc sorcerer gestures at you while chanting.
You resist with some effort.
You completely miss the orc priest.
You headbutt the orc priest, but do no damage.
The orc priest calls down the wrath of Beogh upon you.
Beogh smites you!
* * * LOW HITPOINT WARNING * * *
You hit the orc priest. You drain the orc priest!
Your headbutt misses the orc priest.
The orc priest is severely wounded.
You hear a shout!
The orc sorcerer points at you and mumbles some strange words.
The bolt of negative energy hits you!
You feel drained.
You die...

### ### ## ##.#####.####
##.## #...#.#.....##
##....#
#.....#.....###....##
#..........##...§...#
#............$(§..#.##.#
##...........§.>........
##.##...#....[@.§.o..$#
##.#.......§§oo##..#.#
...$$#....§o.§# ..o.
...........o...o ..
..#.....>.........#
#.........#.....# .
.......##......# ##.
....... ##...... #.. .o.


You could see an orc high priest, an orc sorcerer, an orc priest and 3 orcs.

Vanquished Creatures
  Gastronok (D:11)
  A hydra (D:11)
  6 two-headed ogres
  An unseen horror (D:11)
  Pikel (D:7)
  A cyclops (D:11)
  A spiny frog (Lair:1)
  A black mamba (Lair:1)
  A komodo dragon (Lair:1)
  4 trolls
  2 queen bees
  5 blink frogs (Lair:1)
  A hippogriff (D:8)
  A wyvern (D:10)
  21 yaks
  2 hungry ghosts
  A basilisk (D:11)
  Menkaure (D:7)
  2 wargs (Orc:1)
  7 porcupines
  2 water moccasins
  5 ice beasts
  A slave (D:7)
  9 orc warriors
  A black bear (D:6)
  2 sky beasts
  A necrophage (D:10)
  5 ogres
  3 centaurs
  4 crocodiles
  2 big kobolds
  12 bullfrogs
  2 gnoll sergeants
  5 scorpions
  44 killer bees
  2 howler monkeys
  7 crimson imps
  A quasit (D:8)
  3 bullfrog zombies
  5 hounds
  A jelly (D:9)
  7 orc priests
  A centaur skeleton (D:11)
  4 iguanas
  8 orc wizards
  A bullfrog skeleton (D:6)
  5 worker ants
  A worker ant zombie (D:6)
  12 gnolls
  A howler monkey skeleton (D:3)
  15 adders
  3 river rats (Sewer)
  3 shadow imps
  An adder zombie (D:7)
  2 worms
  9 leopard geckos
  40 orcs
  4 bats
  9 giant cockroaches
  10 hobgoblins
  12 jackals
  45 kobolds
  4 quokkas
  5 ball pythons (Sewer)
  3 frilled lizards
  10 goblins
  A quokka skeleton (D:5)
  32 rats
  3 fungi
  2 plants
  A withered plant (D:5)
432 creatures vanquished.

Vanquished Creatures (others)
  2 fungi
  9 plants (D:11)
11 creatures vanquished.

Grand Total: 443 creatures vanquished

Notes
Turn   | Place    | Note
-------+----------+-------------------------------------------
     0 | D:1      | boe the Minotaur Gladiator began the quest for the Orb.
     0 | D:1      | Reached XP level 1. HP: 18/18 MP: 0/0
   650 | D:1      | Reached XP level 2. HP: 25/25 MP: 1/1
  1009 | D:2      | Reached XP level 3. HP: 26/30 MP: 2/2
  1381 | D:2      | Found a stormy altar of Qazlal.
  1412 | D:2      | Became a worshipper of Qazlal Stormbringer
  1645 | D:2      | Reached skill level 1 in Armour
  1991 | D:3      | Reached XP level 4. HP: 24/38 MP: 3/3
  1993 | D:3      | Reached skill level 5 in Long Blades
  2016 | D:3      | Reached XP level 5. HP: 6/45 MP: 4/4
  2184 | D:3      | Found a glowing drain.
  2221 | Sewer    | Entered a sewer
  2314 | Sewer    | Reached * piety under Qazlal
  2314 | Sewer    | Reached skill level 1 in Shields
  2620 | Sewer    | Reached ** piety under Qazlal
  2806 | D:3      | Reached XP level 6. HP: 51/51 MP: 5/5
  2941 | D:3      | Found a faded altar of an unknown god.
  3452 | D:4      | Found a hazy altar of Hepliaklqana.
  3511 | D:4      | Found a staircase to the Ecumenical Temple.
  3897 | D:4      | Noticed a sky beast
  3906 | D:4      | Killed a sky beast
  3906 | D:4      | Reached XP level 7. HP: 56/58 MP: 6/6
  4048 | D:5      | Entered Level 5 of the Dungeon
  4220 | D:5      | Found a hide-covered altar of Uskayaw.
  4231 | D:5      | Found an iron altar of Okawaru.
  4240 | D:5      | Found a glowing golden altar of the Shining One.
  4294 | D:5      | Got a shimmering rapier
  4296 | D:5      | Identified the +7 rapier of Gemmaer {drain, rF- Str+3 Dex+9} (You found it on level 5 of the Dungeon)
  4600 | D:5      | Found a basalt altar of Yredelemnul.
  4691 | D:5      | Got a steaming buckler
  4702 | D:5      | Identified the +0 buckler "Qiegicir" {SInv} (You found it on level 5 of the Dungeon)
  4886 | D:6      | Found a sacrificial altar of Ru.
  4908 | D:6      | Reached skill level 1 in Short Blades
  4934 | D:6      | Reached XP level 8. HP: 67/67 MP: 7/7
  5014 | D:6      | Reached *** piety under Qazlal
  5175 | D:6      | Reached skill level 2 in Short Blades
  5181 | D:6      | Reached skill level 1 in Stealth
  5184 | D:6      | Reached skill level 5 in Shields
  5190 | D:6      | Reached skill level 5 in Armour
  5589 | D:6      | Reached skill level 3 in Short Blades
  5712 | D:7      | Found a sparkling altar of Nemelex Xobeh.
  5796 | D:7      | Reached skill level 4 in Short Blades
  5798 | D:7      | Noticed Menkaure
  5809 | D:7      | Killed Menkaure
  5809 | D:7      | Reached skill level 5 in Fighting
  6152 | D:7      | Noticed Pikel
  6159 | D:7      | Killed Pikel
  6159 | D:7      | Reached skill level 5 in Short Blades
  6159 | D:7      | Reached skill level 5 in Dodging
  6159 | D:7      | Reached XP level 9. HP: 74/74 MP: 8/8
  6341 | D:7      | Reached skill level 6 in Short Blades
  6619 | D:7      | Found a shimmering altar of Xom.
  6620 | D:7      | Found a shimmering altar of Xom.
  6622 | D:7      | Found a shimmering altar of Xom.
  6622 | D:7      | Found a shimmering altar of Xom.
  6623 | D:7      | Found a shimmering altar of Xom.
  6752 | D:7      | Found a snail-covered altar of Cheibriados.
  7046 | D:8      | Reached skill level 7 in Short Blades
  7170 | D:8      | Reached **** piety under Qazlal
  7222 | D:8      | Learned a level 1 spell: Confusing Touch
  7226 | D:8      | Learned a level 3 spell: Confuse
  7266 | D:8      | Reached skill level 1 in Evocations
  7318 | D:8      | Noticed a two-headed ogre
  7325 | D:8      | Killed a two-headed ogre
  7325 | D:8      | Reached skill level 8 in Short Blades
  7325 | D:8      | Reached XP level 10. HP: 27/84 MP: 9/9
  7520 | D:8      | Found a flagged portal.
  7531 | Bailey   | Entered a bailey
  7969 | D:8      | Noticed a two-headed ogre
  7981 | D:8      | Killed a two-headed ogre
  8099 | D:8      | Found a shadowy altar of Dithmenos.
  8418 | D:8      | Reached skill level 9 in Short Blades
  8545 | D:9      | Reached ***** piety under Qazlal
  8546 | D:9      | Found a shattered altar of Ashenzari.
  8589 | D:9      | Found an opulent altar of Gozag.
  8590 | D:9      | Found a shimmering altar of Xom.
  9598 | D:10     | Entered Level 10 of the Dungeon
  9685 | D:10     | Found Foufrisch's Magic Scroll Boutique.
  9706 | D:10     | Bought a scroll of recharging for 142 gold pieces
  9706 | D:10     | Bought a scroll of enchant armour for 112 gold pieces
  9710 | D:10     | Bought a scroll of teleportation for 45 gold pieces
  9710 | D:10     | Bought a scroll of recharging for 142 gold pieces
  9924 | D:10     | Found Atephaci's Jewellery Shop.
  9930 | D:10     | Noticed a two-headed ogre
  9941 | D:10     | Killed a two-headed ogre
  9980 | D:10     | Found Ehawkies's Magic Scroll Emporium.
 10270 | D:10     | Reached XP level 11. HP: 71/94 MP: 11/11
 10341 | D:10     | Found Segag's Assorted Antiques.
 10373 | D:10     | Noticed a two-headed ogre
 10382 | D:10     | Killed a two-headed ogre
 10382 | D:10     | Reached skill level 10 in Short Blades
 10505 | D:11     | Noticed a five-headed hydra
 10516 | D:11     | Killed a five-headed hydra
 10688 | D:11     | Reached skill level 11 in Short Blades
 10699 | D:11     | Reached ****** piety under Qazlal
 10727 | D:11     | Found a staircase to the Lair.
 10812 | D:11     | Reached skill level 10 in Shields
 10823 | D:11     | Noticed an unseen horror
 10840 | D:11     | Noticed Gastronok
 10850 | D:11     | Killed an unseen horror
 10863 | D:11     | Killed Gastronok
 10863 | D:11     | Reached XP level 12. HP: 43/106 MP: 12/12
 10930 | D:11     | Noticed a two-headed ogre
 10932 | D:11     | Found a staircase to the Orcish Mines.
 10950 | D:11     | Killed a two-headed ogre
 11158 | D:11     | Noticed a two-headed ogre
 11164 | D:11     | Killed a two-headed ogre
 11513 | Lair:1   | Entered Level 1 of the Lair of Beasts
 11524 | Lair:1   | Reached skill level 12 in Short Blades
 11646 | Lair:1   | Reached skill level 10 in Fighting
 11657 | Lair:1   | Reached skill level 10 in Armour
 12825 | Orc:1    | Entered Level 1 of the Orcish Mines
 12826 | Orc:1    | Noticed an orc high priest
 12850 | Orc:1    | Noticed an orc high priest
 12932 | Orc:1    | Killed from afar by an orc sorcerer

Skill      XL: |  1  2  3  4  5  6  7  8  9 10 11 12 |
---------------+-------------------------------------+-----
Long Blades    | 4 5 6 7 |  7.8
Fighting       | 3 4 5 6 8 9 10 | 10.6
Armour         | 1 2 3 4 6 7 8 9 10 | 10.3
Dodging        | 4 5 6 |  6.0
Shields        | 1 3 4 5 6 8 10 11 | 11.6
Short Blades   | 1 5 8 9 11 12 | 12.8
Stealth        | 1 2 |  2.2
Evocations     | 1 |  1.3
Throwing       | |  2.6
Spellcasting   | |  0.4

Action                   |  1- 3 |  4- 6 |  7- 9 | 10-12 || total
-------------------------+-------+-------+-------+-------++-------
Melee: Long sword        |    65 |   219 |    34 |     2 ||   320
       Headbutt          |    11 |    36 |    59 |   181 ||   287
       Whip              |     2 |       |       |       ||     2
       Rapier            |       |       |   191 |   615 ||   806
Throw: Throwing net      |       |       |     3 |       ||     3
       Tomahawk          |       |       |       |     5 ||     5
Evoke: Wand              |       |       |     4 |     5 ||     9
  Use: Potion            |     2 |     3 |     1 |     4 ||    10
       Scroll            |     2 |     2 |     4 |    12 ||    20
 Stab: Held in net/web   |       |       |     2 |       ||     2
       Paralysed         |       |       |       |     1 ||     1
  Eat: Chunk             |     3 |     7 |     1 |    13 ||    24
       Bread ration      |       |       |     2 |       ||     2
       Meat ration       |       |       |     1 |       ||     1
       Royal jelly       |       |       |       |     1 ||     1
Armor: Leather armour    |     7 |       |       |       ||     7
       Ring mail         |    13 |    55 |       |       ||    68
       Scale mail        |       |     1 |    29 |     9 ||    39
       Plate armour      |       |       |       |   128 ||   128
Dodge: Dodged            |    50 |    61 |    70 |   195 ||   376
       Deflected         |       |       |       |    23 ||    23
Block: Large shield      |       |   157 |    22 |       ||   179
       Buckler           |       |       |    55 |   412 ||   467
       Rpst.: Long sword |    13 |    18 |       |       ||    31
